TOP OF THE 1ST |
Springfield Cardinals batting - Pitching for Mississippi Braves : LHP Fred Kelly
|
Pitching: LHP Fred Kelly
|
|
Batting: RHB Jeff Long
|
0-0: Ball 1-0: Ball 2-0: Called Strike 2-1: Called Strike 2-2: Ground out 6-3 (Groundball, 56D, EV 102.5 MPH)
|
Batting: RHB Joe Alley
|
0-0: Foul Ball, location: 2F 0-1: Swinging Strike 0-2: Ball 1-2: Ball 2-2: Ball 3-2: Strikes out swinging
|
Batting: RHB Jose Ramos
|
0-0: Fly out, F8 (Flyball, 8RXD, EV 96.9 MPH)
|
Top of the 1st over - 0 runs, 0 hits, 0 errors, 0 left on base; Springfield 0 - Mississippi 0 |
BOTTOM OF THE 1ST |
Mississippi Braves batting - Pitching for Springfield Cardinals : LHP Nigel Turner
|
Pitching: LHP Nigel Turner
|
|
Batting: RHB Luis Restrepo
|
0-0: Ball 1-0: Ball 2-0: Ball 3-0: Base on Balls
|
Batting: RHB Costantino Dolfini
|
0-0: Called Strike 0-1: Foul Ball, location: 2F 0-2: Foul Ball, location: 2F 0-2: Ball 1-2: Foul Ball, location: 2F 1-2: Strikes out swinging
|
Batting: LHB Art D'Ascenzo
|
0-0: Ball Luis Restrepo steals 2nd base 1-0: Foul Ball, location: 2F 1-1: Swinging Strike 1-2: Strikes out looking
|
Batting: RHB Hieronim Rutkowski
|
0-0: Foul Ball, location: 2F 0-1: Foul Ball, location: 2F 0-2: Strikes out swinging
|
Bottom of the 1st over - 0 runs, 0 hits, 0 errors, 1 left on base; Springfield 0 - Mississippi 0 |
TOP OF THE 2ND |
Springfield Cardinals batting - Pitching for Mississippi Braves : LHP Fred Kelly
|
Batting: RHB Tommy Tracy
|
0-0: Ball 1-0: Ball 2-0: Foul Ball, location: 2F 2-1: Ball 3-1: Ground out 6-3 (Groundball, 6, EV 90.6 MPH)
|
Batting: RHB Tommy Boudreaux
|
0-0: Called Strike 0-1: Swinging Strike 0-2: Fly out, F5 (Line Drive, 5L, EV 64.4 MPH)
|
Batting: RHB Fortunato Fteira
|
0-0: Foul Ball, location: 2F 0-1: Ball 1-1: Foul Ball, location: 2F 1-2: Foul Ball, location: 2F 1-2: Foul Ball, location: 2F 1-2: Foul Ball, location: 2F 1-2: Ground out 4-3 (Groundball, 4M, EV 86.2 MPH)
|
Top of the 2nd over - 0 runs, 0 hits, 0 errors, 0 left on base; Springfield 0 - Mississippi 0 |
BOTTOM OF THE 2ND |
Mississippi Braves batting - Pitching for Springfield Cardinals : LHP Nigel Turner
|
Batting: RHB Eddie McCoy
|
0-0: Foul Ball, location: 2F 0-1: Ball 1-1: Foul Ball, location: 2F 1-2: Ball 2-2: SINGLE (Groundball, 56D, EV 108.1 MPH)
|
Batting: RHB Justin Reich
|
0-0: Ball 1-0: Ball 2-0: Swinging Strike 2-1: Ball 3-1: Foul Ball, location: 2F 3-2: Strikes out looking
|
Batting: SHB Jose Melendez
|
0-0: Swinging Strike 0-1: Swinging Strike 0-2: Strikes out swinging
|
Batting: LHB Sal Fernandez
|
0-0: Ball 1-0: Ball 2-0: SINGLE (Line Drive, 5D, EV 101.2 MPH) Eddie McCoy to second
|
Batting: RHB Gerard Michel
|
0-0: Called Strike 0-1: Swinging Strike 0-2: Fielders Choice at 2nd, U6 (Groundball, 6M, EV 85.6 MPH)
|
Bottom of the 2nd over - 0 runs, 2 hits, 0 errors, 2 left on base; Springfield 0 - Mississippi 0 |
TOP OF THE 3RD |
Springfield Cardinals batting - Pitching for Mississippi Braves : LHP Fred Kelly
|
Batting: RHB Immel Kamuzu
|
0-0: Ground out 1-3 (Groundball, 34S, EV 68.8 MPH)
|
Batting: RHB Edgar Landim
|
0-0: Ball 1-0: Fly out, F9 (Flyball, 9, EV 91.9 MPH)
|
Batting: LHB John Bailey
|
0-0: Called Strike 0-1: Ball 1-1: Ball 2-1: Foul Ball, location: 2F 2-2: Fly out, F9 (Flyball, 9, EV 76.9 MPH)
|
Top of the 3rd over - 0 runs, 0 hits, 0 errors, 0 left on base; Springfield 0 - Mississippi 0 |
BOTTOM OF THE 3RD |
Mississippi Braves batting - Pitching for Springfield Cardinals : LHP Nigel Turner
|
Batting: RHB Luis Restrepo
|
0-0: Ball 1-0: Fly out, F9 (Flyball, 89M, EV 91.9 MPH)
|
Batting: RHB Costantino Dolfini
|
0-0: Called Strike 0-1: Ball 1-1: Ball 2-1: SINGLE (Groundball, 56D, EV 95.0 MPH)
|
Batting: LHB Art D'Ascenzo
|
0-0: Ball 1-0: Called Strike 1-1: SINGLE (Groundball, 6MD, EV 99.4 MPH) Costantino Dolfini to second
|
Batting: RHB Hieronim Rutkowski
|
0-0: Called Strike 0-1: Ball Costantino Dolfini steals 3rd base 1-1: Ground out 4-3 (Groundball, 34, EV 84.4 MPH) Costantino Dolfini scores Art D'Ascenzo to second
|
Batting: RHB Eddie McCoy
|
0-0: Foul Ball, location: 2F 0-1: Foul Ball, location: 2F 0-2: Ball 1-2: Ball 2-2: Foul Ball, location: 2F 2-2: Foul Ball, location: 2F 2-2: Strikes out looking
|
Bottom of the 3rd over - 1 run, 2 hits, 0 errors, 1 left on base; Springfield 0 - Mississippi 1 |
TOP OF THE 4TH |
Springfield Cardinals batting - Pitching for Mississippi Braves : LHP Fred Kelly
|
Batting: RHB Jeff Long
|
0-0: Fly out, F5 (Popup, 5SF, EV 72.5 MPH)
|
Batting: RHB Joe Alley
|
0-0: Called Strike 0-1: Ball 1-1: Fly out, F9 (Flyball, 9S, EV 93.8 MPH)
|
Batting: RHB Jose Ramos
|
0-0: Ball 1-0: Ball 2-0: Foul Ball, location: 2F 2-1: DOUBLE (Line Drive, 9LD, EV 106.2 MPH)
|
Batting: RHB Tommy Tracy
|
0-0: Ball 1-0: Swinging Strike 1-1: Foul Ball, location: 2F 1-2: Foul Ball, location: 2F 1-2: Ground out 6-3 (Groundball, 6, EV 108.1 MPH)
|
Top of the 4th over - 0 runs, 1 hit, 0 errors, 1 left on base; Springfield 0 - Mississippi 1 |
BOTTOM OF THE 4TH |
Mississippi Braves batting - Pitching for Springfield Cardinals : LHP Nigel Turner
|
Batting: RHB Justin Reich
|
0-0: Ball 1-0: Ball 2-0: Ground out 5-3 (Groundball, 56S, EV 76.9 MPH)
|
Batting: SHB Jose Melendez
|
0-0: Ball 1-0: Ball 2-0: Ball 3-0: Base on Balls
|
Batting: LHB Sal Fernandez
|
0-0: Swinging Strike 0-1: Ball Wild Pitch! Jose Melendez to second 1-1: Foul Ball, location: 3F, Error on foul ball, E3 1-2: Ball 2-2: Strikes out looking
|
Batting: RHB Gerard Michel
|
0-0: Called Strike 0-1: Swinging Strike 0-2: Strikes out swinging
|
Bottom of the 4th over - 0 runs, 0 hits, 1 error, 1 left on base; Springfield 0 - Mississippi 1 |
TOP OF THE 5TH |
Springfield Cardinals batting - Pitching for Mississippi Braves : LHP Fred Kelly
|
Batting: RHB Tommy Boudreaux
|
0-0: Fly out, F8 (Flyball, 8LD, EV 92.5 MPH)
|
Batting: RHB Fortunato Fteira
|
0-0: Called Strike 0-1: Ball 1-1: SINGLE (Groundball, 6D, EV 101.2 MPH)
|
Batting: RHB Immel Kamuzu
|
0-0: Ball 1-0: Ball 2-0: Called Strike Fortunato Fteira is caught stealing 2nd base 2-4 2-1: Foul Ball, location: 2F 2-2: Foul Ball, location: 2F 2-2: Ball 3-2: Foul Ball, location: 2F 3-2: SINGLE (Line Drive, 9S, EV 106.2 MPH)
|
Batting: RHB Edgar Landim
|
0-0: Fielders Choice at 2nd, 6-4 (Groundball, 56, EV 83.1 MPH)
|
Top of the 5th over - 0 runs, 2 hits, 0 errors, 1 left on base; Springfield 0 - Mississippi 1 |
BOTTOM OF THE 5TH |
Mississippi Braves batting - Pitching for Springfield Cardinals : LHP Nigel Turner
|
Batting: RHB Luis Restrepo
|
0-0: Ball 1-0: Foul Ball, location: 2F 1-1: Ball 2-1: SINGLE (Line Drive, 34D, EV 100.0 MPH)
|
Batting: RHB Costantino Dolfini
|
0-0: Called Strike 0-1: Foul Ball, location: 2F 0-2: Foul Ball, location: 2F 0-2: Fly out, F9 (Line Drive, 89M, EV 102.5 MPH)
|
Batting: LHB Art D'Ascenzo
|
0-0: SINGLE (Groundball, 6D, EV 106.2 MPH) Luis Restrepo to second
|
Batting: RHB Hieronim Rutkowski
|
0-0: Fly out, F8 (Flyball, 78M, EV 84.4 MPH)
|
Batting: RHB Eddie McCoy
|
0-0: Called Strike 0-1: Foul Ball, location: 2F 0-2: Foul Ball, location: 2F 0-2: Ball 1-2: Strikes out swinging
|
Bottom of the 5th over - 0 runs, 2 hits, 0 errors, 2 left on base; Springfield 0 - Mississippi 1 |
TOP OF THE 6TH |
Springfield Cardinals batting - Pitching for Mississippi Braves : LHP Fred Kelly
|
Batting: LHB John Bailey
|
0-0: Ball 1-0: Foul Ball, location: 2F 1-1: Ball 2-1: Ground out 5-3 (Groundball, 5L, EV 85.0 MPH)
|
Batting: RHB Jeff Long
|
0-0: Called Strike 0-1: Ground out 6-3 (Groundball, 6, EV 88.1 MPH)
|
Batting: RHB Joe Alley
|
0-0: Fly out, F9 (Flyball, 9D, EV 93.8 MPH)
|
Top of the 6th over - 0 runs, 0 hits, 0 errors, 0 left on base; Springfield 0 - Mississippi 1 |
BOTTOM OF THE 6TH |
Mississippi Braves batting - Pitching for Springfield Cardinals : LHP Nigel Turner
|
Batting: RHB Justin Reich
|
0-0: Swinging Strike 0-1: Swinging Strike 0-2: Ball 1-2: Foul Ball, location: 2F 1-2: Ball 2-2: Strikes out swinging
|
Batting: SHB Jose Melendez
|
0-0: Called Strike 0-1: Ball 1-1: Fly out, F8 (Flyball, 8LXD, EV 95.6 MPH)
|
Batting: LHB Sal Fernandez
|
0-0: Ball 1-0: Ball 2-0: DOUBLE (Line Drive, 8LXD, EV 108.1 MPH)
|
Batting: RHB Gerard Michel
|
0-0: Reached on error, E6 (Groundball, 6, EV 95.6 MPH) Sal Fernandez scores
|
Batting: RHB Luis Restrepo
|
0-0: Foul Ball, location: 2F 0-1: Swinging Strike 0-2: Ground out 5-3 (Groundball, 56, EV 105.0 MPH)
|
Bottom of the 6th over - 1 run, 1 hit, 1 error, 1 left on base; Springfield 0 - Mississippi 2 |
TOP OF THE 7TH |
Springfield Cardinals batting - Pitching for Mississippi Braves : LHP Fred Kelly
|
Batting: RHB Jose Ramos
|
0-0: Foul Ball, location: 2F 0-1: Foul Ball, location: 2F 0-2: Fly out, F8 (Flyball, 8LM, EV 90.0 MPH)
|
Batting: RHB Tommy Tracy
|
0-0: Ball 1-0: Called Strike 1-1: Foul Ball, location: 2F 1-2: Strikes out swinging
|
Batting: RHB Tommy Boudreaux
|
0-0: Swinging Strike 0-1: Fly out, F7 (Flyball, 7, EV 91.2 MPH)
|
Top of the 7th over - 0 runs, 0 hits, 0 errors, 0 left on base; Springfield 0 - Mississippi 2 |
BOTTOM OF THE 7TH |
Mississippi Braves batting - Pitching for Springfield Cardinals : LHP Nigel Turner
|
Batting: RHB Costantino Dolfini
|
0-0: Ball 1-0: Called Strike 1-1: Ball 2-1: Foul Ball, location: 2F 2-2: DOUBLE (Groundball, 5L, EV 104.4 MPH)
|
Batting: LHB Art D'Ascenzo
|
0-0: Swinging Strike 0-1: Ball 1-1: Foul Ball, location: 2F 1-2: Ball 2-2: Ground out 4-3 (Groundball, 4M, EV 100.6 MPH) Costantino Dolfini to third
|
Batting: RHB Hieronim Rutkowski
|
0-0: Called Strike 0-1: Foul Ball, location: 2F 0-2: Ball 1-2: Ball 2-2: 2-RUN HOME RUN (Flyball, 7D, EV 94.4 MPH), Distance : 370 ft
|
Pitching: RHP Frank Schulman
|
|
Batting: RHB Eddie McCoy
|
0-0: Swinging Strike 0-1: Ball 1-1: Called Strike 1-2: Strikes out swinging
|
Batting: RHB Justin Reich
|
0-0: Ball 1-0: Ball 2-0: Foul Ball, location: 2F 2-1: Ball 3-1: Fly out, F9 (Flyball, 89S, EV 86.9 MPH)
|
Bottom of the 7th over - 2 runs, 2 hits, 0 errors, 0 left on base; Springfield 0 - Mississippi 4 |
TOP OF THE 8TH |
Springfield Cardinals batting - Pitching for Mississippi Braves : LHP Fred Kelly
|
Batting: RHB Fortunato Fteira
|
0-0: Ball 1-0: Ground out 6-3 (Groundball, 6, EV 78.8 MPH)
|
Batting: RHB Immel Kamuzu
|
0-0: Ball 1-0: Called Strike 1-1: Fly out, F7 (Flyball, 78D, EV 94.4 MPH)
|
Batting: RHB Edgar Landim
|
0-0: Called Strike 0-1: Ball 1-1: Swinging Strike 1-2: Ball 2-2: Ground out 5-3 (Groundball, 56S, EV 86.9 MPH)
|
Top of the 8th over - 0 runs, 0 hits, 0 errors, 0 left on base; Springfield 0 - Mississippi 4 |
BOTTOM OF THE 8TH |
Mississippi Braves batting - Pitching for Springfield Cardinals : RHP Frank Schulman
|
Batting: SHB Jose Melendez
|
0-0: Ball 1-0: Ball 2-0: Ball 3-0: Called Strike 3-1: Foul Ball, location: 2F 3-2: SINGLE (Groundball, 4D, EV 99.4 MPH)
|
Batting: LHB Sal Fernandez
|
0-0: Ball 1-0: Ball 2-0: Sac Bunt to 23 - play at first, batter OUT! 3-4 Jose Melendez to second
|
Batting: RHB Gerard Michel
|
0-0: Swinging Strike 0-1: Fly out, F3 (Popup, 3, EV 62.5 MPH)
|
Batting: RHB Luis Restrepo
|
0-0: Intentional Walk
|
Batting: RHB Costantino Dolfini
|
0-0: Ball 1-0: Called Strike 1-1: Swinging Strike 1-2: Ball 2-2: DOUBLE (Flyball, 78XD, EV 101.9 MPH) Jose Melendez scores Luis Restrepo to third Runner from 3rd tries for Home, SAFE, no throw by CF
|
Batting: LHB Art D'Ascenzo
|
0-0: Called Strike 0-1: Ground out 4-3 (Groundball, 4, EV 96.2 MPH)
|
Bottom of the 8th over - 2 runs, 2 hits, 0 errors, 1 left on base; Springfield 0 - Mississippi 6 |
TOP OF THE 9TH |
Springfield Cardinals batting - Pitching for Mississippi Braves : LHP Fred Kelly
|
Batting: LHB John Bailey
|
0-0: Ball 1-0: Called Strike 1-1: Ball 2-1: Ball 3-1: Called Strike 3-2: Strikes out swinging
|
Batting: RHB Jeff Long
|
0-0: Ball 1-0: Ball 2-0: Called Strike 2-1: Ball 3-1: Foul Ball, location: 2F 3-2: DOUBLE (Line Drive, 7LM, EV 101.2 MPH)
|
Pitching: RHP Ioakim Mozgo
|
|
Batting: RHB Joe Alley
|
0-0: Ball 1-0: Foul Ball, location: 2F 1-1: SINGLE (Line Drive, 8LS, EV 98.1 MPH) Jeff Long to third
|
Batting: RHB Jose Ramos
|
0-0: Ball 1-0: Foul Ball, location: 2F 1-1: Fly out, F7 (Flyball, 78M, EV 87.5 MPH)
|
Pinch Hitting: LHB Angelo Vasquez
|
0-0: Ball 1-0: Ball 2-0: Fielders Choice at 2nd, 6-4 (Groundball, 6, EV 88.1 MPH)
|
Top of the 9th over - 0 runs, 2 hits, 0 errors, 2 left on base; Springfield 0 - Mississippi 6 |
|